 Dungeon Crawl Stone Soup version 0.22-a0-402-ga933591 (webtiles) character file.

10049 Borgoz the Basher (level 11, -9/69 HPs)
             Began as a Gargoyle Abyssal Knight on May 7, 2018.
             Was an Elder of Lugonu.
             Mangled by Gastronok (27 damage)
             ... on level 1 of the Lair of Beasts.
             The game lasted 00:30:34 (11782 turns).

Borgoz the Basher (Gargoyle Abyssal Knight)        Turns: 11782, Time: 00:30:35

Health: -9/69      AC: 15    Str: 21      XL:     11   Next: 56%
Magic:  0/17       EV: 14    Int: 17      God:    Lugonu [****..]
Gold:   836        SH:  0    Dex: 11 (12) Spells: 9/12 levels left

rFire    + . .     SeeInvis .   A - +0 whip (flame)
rCold    + . .     Gourm    .   (no shield)
rNeg     + . .     Faith    .   B - +1 leather armour of the Heavens {rF+} (curse)
rPois    ∞         Spirit   +   t - +1 hat
rElec    +         Reflect  .   r - +0 cloak
rCorr    .         Harm     .   (no gloves)
MR       .....                  (no boots)
Stlth    +.........             g - amulet of guardian spirit
HPRegen  0.21/turn              j - ring of protection from cold
MPRegen  0.15/turn              u - +4 ring of intelligence

@: mighty, about to teleport, hasted, very quick
A: negative energy resistance 1, electricity resistance, unbreathing,
petrification resistance, rot immunity, AC +8
a: Depart the Abyss, Bend Space, Banish, Corrupt, Renounce Religion


You were on level 1 of the Lair of Beasts.
You worshipped Lugonu.
Lugonu was greatly pleased with you.
You were not hungry.

You visited 3 branches of the dungeon, and saw 11 of its levels.
You visited the Abyss 1 time.

You collected 836 gold pieces.

Inventory:

Hand Weapons
 q - a +4 quarterstaff of chaos
 A - a +0 whip of flaming (weapon)
 G - a +4 dagger of chaos
Armour
 r - a +0 cloak (worn)
 t - a +1 hat (worn)
 z - a +0 plate armour
 B - the cursed +1 leather armour of the Heavens (worn) {rF+}
   (You found it on level 9 of the Dungeon)

   It protects you from fire.
   It has a curse placed upon it.
Jewellery
 g - an amulet of guardian spirit (around neck)
 j - a ring of protection from cold (left hand)
 u - a +4 ring of intelligence (right hand)
Wands
 h - a wand of random effects (82)
 x - a wand of acid (9)
 D - a wand of flame (21)
 F - a wand of polymorph (6)
Scrolls
 a - a scroll of brand weapon {unknown}
 b - 3 scrolls of amnesia
 d - 2 scrolls of fear
 f - a scroll of fog
 m - a scroll of blinking
 n - 6 scrolls of remove curse
 v - 3 scrolls of teleportation
 y - a scroll of enchant weapon {unknown}
 C - 2 scrolls of identify
 E - 2 scrolls of enchant armour {unknown}
Potions
 e - 2 potions of heal wounds
 i - 6 potions of curing
 k - 3 potions of brilliance
 l - a potion of resistance
 o - a potion of degeneration {unknown}
 s - a potion of lignification {unknown}
 w - a potion of might
 I - a potion of ambrosia {unknown}
Comestibles
 c - 17 rations
 H - 6 chunks of flesh


   Skills:
 + Level 8.6 Fighting
 * Level 10.5 Maces & Flails
 - Level 8.0 Armour
 + Level 5.9 Dodging
 * Level 1.2 Spellcasting
 * Level 1.3 Charms
 * Level 1.1 Necromancy
 - Level 8.1 Invocations


You had 9 spell levels left.
You knew the following spells:

 Your Spells              Type           Power        Failure   Level  Hunger
a - Regeneration          Chrm/Necr      #.........   38%         3    ####...


Dungeon Overview and Level Annotations

Branches:
Dungeon (9/15)             Temple (1/1) D:6            Lair (1/6) D:8
    Orc (0/2) D:9

Altars:
Ashenzari
Cheibriados
Dithmenos
Elyvilon
Fedhas
Gozag
Hepliaklqana
Kikubaaqudgha
Makhleb
Nemelex Xobeh
Okawaru
Qazlal
Ru
Sif Muna
Trog
Uskayaw
Vehumet
Wu Jian
Xom
Yredelemnul
Zin
The Shining One

Annotations:
Lair:1 Gastronok, Nergalle


Innate Abilities, Weirdness & Mutations

You are resistant to torment.
Your stone body is resilient. (AC +8)
You are immune to poison.
You resist negative energy. (rN+)
You are resistant to electric shocks. (rElec)
You can survive without breathing.
You are immune to petrification.
You are immune to rotting.


Message History

Gastronok is severely wounded.
Unknown command.
You hit Gastronok. You burn Gastronok.
Gastronok is severely wounded.
The blink frog hits you but does no damage.
The spectral orc barely misses you.
The spectral orc hits the fungus but does no damage.
The blink frog hits the fungus!
The spectral orc warrior barely misses you.
You whack Gastronok! You burn Gastronok.
Gastronok is severely wounded.
The spectral orc knight closely misses you.
The spectral orc warrior hits the fungus but does no damage.
The spectral orc barely misses you.
You whack Gastronok! You burn Gastronok.
Gastronok is almost dead.
The blink frog hits you.
* * * LOW HITPOINT WARNING * * *
Gastronok bites you!!
You die...

................##
............#.###
. ........#.#....#
.. .........##..##
...#.....##......#
..........#.....##
......Z....#.###.#
.....ZZ##....## ##
.....Zw@ZZ.%..#
.....oZFPZ...#..P#
.......F#....##.##
...............##
.........>....P#
..............##
.....F.F....#.#
.........##..##


You could see Gastronok, Nergalle, 3 spectral orcs, 4 spectral orc warriors, a
spectral orc knight and 4 blink frogs.

Vanquished Creatures
  A centaur warrior (D:9)
  Pikel (D:6)
  A deep elf mage (D:9)
  An ugly thing (D:9)
  Psyche (D:9)
  A hippogriff (D:7)
  A spriggan (D:7)
  5 yaks (D:9)
  2 hungry ghosts
  A vampire mosquito (D:9)
  Menkaure (D:6)
  A water moccasin (D:9)
  3 porcupines (D:8)
  An orc warrior (D:9)
  A sky beast (D:9)
  2 ice beasts
  2 black bears (D:8)
  2 necrophages
  3 phantoms
  4 ogres
  2 crocodiles
  A centaur (D:6)
  A big kobold (D:9)
  A wyvern zombie (D:9)
  10 bullfrogs
  A wyvern skeleton (D:7)
  10 scorpions
  5 killer bees (D:8)
  8 wights
  3 centaur zombies
  3 crimson imps
  A quasit (D:9)
  A gnoll shaman (D:8)
  4 hounds
  A bullfrog zombie (D:4)
  4 centaur skeletons
  2 jellies
  Crazy Yiuf (D:3)
  A bullfrog skeleton (D:9)
  5 orc priests
  3 orc wizards
  Jessica (D:3)
  9 worker ants
  Natasha (D:3)
  2 iguanas
  A hound skeleton (D:9)
  A howler monkey zombie (D:9)
  A howler monkey skeleton (D:9)
  A worker ant zombie (D:9)
  8 gnolls
  12 adders
  A shadow imp (D:4)
  An ooze (D:6)
  2 adder zombies
  An adder skeleton (D:6)
  4 worms
  3 dart slugs
  4 leopard geckos
  35 orcs
  9 giant cockroaches
  4 hobgoblins
  5 kobolds
  6 quokkas
  8 bats
  3 frilled lizards
  8 goblins
  A rat (D:1)
235 creatures vanquished.

Vanquished Creatures (others)
  A two-headed ogre (D:9)
  An ugly thing (D:9)
  3 orc warriors (D:9)
  A slave (D:6)
  An ogre (D:9)
  A centaur (D:7)
  A crimson imp (D:7)
  2 orc priests
  2 orc wizards
  An orc (D:7)
  25 fungi (D:8)
  7 plants (D:8)
46 creatures vanquished.

Grand Total: 281 creatures vanquished

Notes
Turn   | Place    | Note
-------+----------+-------------------------------------------
     0 | Abyss:1  | Borgoz the Gargoyle Abyssal Knight began the quest for the Orb.
     0 | Abyss:1  | Reached XP level 1. HP: 14/14 MP: 2/2
    42 | Abyss:2  | Found a corrupted altar of Lugonu.
    66 | Abyss:3  | Found a corrupted altar of Lugonu.
    80 | Abyss:3  | Found a corrupted altar of Lugonu.
    83 | Abyss:3  | Noticed a small abomination
    85 | D:1      | Escaped the Abyss
   124 | D:1      | Reached skill level 1 in Dodging
   124 | D:1      | Reached XP level 2. HP: 13/19 MP: 3/3
   354 | D:1      | Reached * piety under Lugonu
   425 | D:1      | Reached XP level 3. HP: 23/23 MP: 2/4
   769 | D:2      | Found a faded altar of an unknown god.
  1264 | D:2      | Reached skill level 3 in Maces & Flails
  1264 | D:2      | Reached XP level 4. HP: 25/28 MP: 5/5
  1983 | D:3      | Noticed Jessica
  2003 | D:3      | Killed Jessica
  2003 | D:3      | Reached XP level 5. HP: 27/33 MP: 5/7
  2430 | D:3      | Noticed Natasha
  2488 | D:3      | Killed Natasha
  2727 | D:3      | Reached ** piety under Lugonu
  2855 | D:3      | Reached XP level 6. HP: 38/38 MP: 8/8
  3011 | D:3      | Found a runed door.
  3015 | D:3      | Noticed Crazy Yiuf
  3024 | D:3      | Killed Crazy Yiuf
  3024 | D:3      | Reached skill level 4 in Maces & Flails
  3407 | D:4      | Found a radiant altar of Vehumet.
  3420 | D:4      | Found a basalt altar of Yredelemnul.
  3424 | D:4      | Found a transporter.
  3435 | D:4      | Found a transporter.
  3526 | D:4      | Learned a level 3 spell: Regeneration
  3534 | D:4      | Found a hazy altar of Hepliaklqana.
  3566 | D:4      | Reached XP level 7. HP: 34/44 MP: 7/9
  3599 | D:4      | Found a blossoming altar of Fedhas.
  3931 | D:5      | Entered Level 5 of the Dungeon
  3931 | D:5      | Found an iron altar of Okawaru.
  4244 | D:5      | Reached skill level 5 in Maces & Flails
  4405 | D:5      | Reached skill level 5 in Fighting
  4672 | D:5      | Reached XP level 8. HP: 45/49 MP: 9/11
  4722 | D:5      | Reached *** piety under Lugonu
  5271 | D:6      | Found a staircase to the Ecumenical Temple.
  5286 | D:6      | Noticed Pikel
  5301 | D:6      | Killed Pikel
  5301 | D:6      | Reached skill level 6 in Maces & Flails
  5301 | D:6      | Reached skill level 5 in Armour
  5301 | D:6      | Reached skill level 5 in Invocations
  5327 | Temple   | Entered the Ecumenical Temple
  5551 | D:6      | Reached XP level 9. HP: 50/55 MP: 10/12
  5654 | D:6      | Reached skill level 7 in Maces & Flails
  5785 | D:6      | Got a steaming robe
  5796 | D:6      | Identified the +1 robe of Knowledge {rC- Str-5 Int+5 Dex+4} (You found it on level 6 of the Dungeon)
  6009 | D:6      | Noticed Menkaure
  6018 | D:6      | Killed Menkaure
  6586 | D:7      | Found a burning altar of Makhleb.
  7169 | D:7      | Reached **** piety under Lugonu
  7263 | D:7      | Reached skill level 8 in Maces & Flails
  7403 | D:7      | Found a sacrificial altar of Ru.
  7752 | D:8      | Reached XP level 10. HP: 50/63 MP: 12/14
  8106 | D:8      | Found a staircase to the Lair.
  8395 | D:8      | Reached skill level 9 in Maces & Flails
  8829 | D:8      | Reached skill level 5 in Dodging
  9470 | D:9      | Noticed Psyche
  9474 | D:9      | Got a pitted leather armour
  9499 | D:9      | Killed Psyche
  9512 | D:9      | Noticed a centaur warrior
  9763 | D:9      | Killed a centaur warrior
 10056 | D:9      | Noticed a green ugly thing
 10070 | D:9      | Noticed a deep elf mage
 10094 | D:9      | Killed a green ugly thing
 10094 | D:9      | Reached XP level 11. HP: 66/68 MP: 16/16
 10111 | D:9      | Killed a deep elf mage
 10111 | D:9      | Reached skill level 10 in Maces & Flails
 10231 | D:9      | Reached ***** piety under Lugonu
 10259 | D:9      | Noticed a two-headed ogre
 10260 | D:9      | Banished a two-headed ogre
 10385 | D:9      | Identified the cursed +1 leather armour of the Heavens {rF+} (You found it on level 9 of the Dungeon)
 10398 | D:9      | Found a shadowy altar of Dithmenos.
 10713 | D:9      | Noticed a white ugly thing
 10719 | D:9      | Banished a white ugly thing
 10987 | D:9      | Reached skill level 1 in Charms
 10992 | D:9      | Reached skill level 1 in Spellcasting
 11228 | D:9      | Found a staircase to the Orcish Mines.
 11387 | D:9      | Reached skill level 1 in Necromancy
 11681 | Lair:1   | Entered Level 1 of the Lair of Beasts
 11760 | Lair:1   | Noticed Gastronok
 11764 | Lair:1   | Noticed Nergalle
 11782 | Lair:1   | Mangled by Gastronok

Vault maps used:
D:1:      eino_arrival_cavern_d
D:2:      minmay_wonky_spiral, chequers_ecumenical_altar_simple
D:3:      mumra_celtic_spiral_tile, first_ration, uniq_crazy_yiuf_cottage,
          uniq_natasha, uniq_jessica
D:4:      kennysheep_mini_moat, old_standard_altar,
          gammafunk_temple_overflow_arena, nicolae_overflow_crystal_walls
D:5:      lemuel_ice_spiral_2, overflow_temple_1_default
D:6:      minmay_temple_entry_crystal_x, serial_glass, glass_columns_b,
          glass_columns_a, glass_columns_a, glass_columns_c, glass_columns_a,
          glass_columns_c, uniq_pikel, uniq_menkaure
D:7:      marbit_many_paths, basic_altar, the_bakery
D:8:      due_lair_maze_entry_diamond
D:9:      hangedman_cross_veins, david_orc_4,
          nicolae_dithmenos_through_a_glass_darkly, uniq_psyche
Temple:   nicolae_temple_elliptical
Lair:1:   uniq_gastronok, uniq_nergalle
Abyss:2:  hangedman_elemental_corridor
Abyss:3:  nicolae_abyss_rune_left_handed

Skill      XL: |  1  2  3  4  5  6  7  8  9 10 11 |
---------------+----------------------------------+-----
Dodging        | 1 2 3 4 5 |  5.9
Maces & Flails | 3 4 5 6 8 9 10 | 10.5
Invocations    | 3 4 5 6 7 8 |  8.1
Armour         | 3 4 5 6 7 8 |  8.0
Fighting       | 4 5 7 8 |  8.6
Charms         | 1 |  1.3
Spellcasting   | 1 |  1.2
Necromancy     | 1 |  1.1

Action                   |  1- 3 |  4- 6 |  7- 9 | 10-12 || total
-------------------------+-------+-------+-------+-------++-------
Melee: Mace              |    84 |   244 |   252 |       ||   580
       Unarmed           |       |    11 |       |       ||    11
       Whip              |       |       |   490 |   998 ||  1488
Invok: Depart the Abyss  |     1 |       |       |       ||     1
       Banish            |       |       |       |     7 ||     7
  Use: Scroll            |     2 |     1 |     8 |     1 ||    12
       Potion            |       |     1 |     2 |     5 ||     8
 Stab: Invisible         |       |     1 |       |     4 ||     5
  Eat: Chunk             |       |     9 |    16 |    14 ||    39
       Ration            |       |       |     1 |     3 ||     4
Armor: Leather armour    |     7 |       |       |    90 ||    97
       Chain mail        |    52 |   163 |   193 |       ||   408
       Plate armour      |       |       |   332 |   479 ||   811
Dodge: Dodged            |    36 |   100 |   249 |   332 ||   717

Table legend:
 A = Spawn XP
 B = Non-spawn XP
 C = Spawn XP percentage of total XP
 D = Spawn monster count
 E = Non-spawn monster count
 F = Spawn count percentage of total count
 G = Total turns spent on level
                    A         B        C        D         E        F      G
               +---------+---------+-------+---------+---------+-------+---------
         Total |       0 |   14357 |   0.0 |       0 |     242 |   0.0 | 11782
               +---------+---------+-------+---------+---------+-------+---------
           D:1 |       0 |      38 |   0.0 |       0 |      14 |   0.0 |   667
           D:2 |       0 |      93 |   0.0 |       0 |      20 |   0.0 |  1143
           D:3 |       0 |     263 |   0.0 |       0 |      23 |   0.0 |  1202
           D:4 |       0 |     317 |   0.0 |       0 |      15 |   0.0 |   834
           D:5 |       0 |     623 |   0.0 |       0 |      21 |   0.0 |  1281
           D:6 |       0 |    1885 |   0.0 |       0 |      29 |   0.0 |  1059
           D:7 |       0 |    1102 |   0.0 |       0 |      22 |   0.0 |  1046
           D:8 |       0 |    2875 |   0.0 |       0 |      38 |   0.0 |  2148
           D:9 |       0 |    7052 |   0.0 |       0 |      59 |   0.0 |  2053
        Lair:1 |       0 |     109 |   0.0 |       0 |       1 |   0.0 |   101
               +---------+---------+-------+---------+---------+-------+---------
